 Dungeon Crawl Stone Soup version 0.30-a0-622-gddc90eaa04 (webtiles) character file.

Game seed: 10775428108311745959

12023 Zonian the Covert (level 11, -2/60 HPs)
             Began as a Vine Stalker Wanderer on Jan 10, 2023.
             Was a Follower of Uskayaw.
             Killed from afar by an oklob plant (21 damage)
             ... with a splash of acid
             ... on level 1 of the Lair of Beasts on Jan 11, 2023.
             The game lasted 00:36:27 (12347 turns).

Zonian the Covert (Vine Stalker Wanderer)          Turns: 12347, Time: 00:36:28

Health: -2/60      AC:  0    Str: 16    XL:     11   Next: 86%
Magic:  0/22       EV: 17    Int: 13    God:    Uskayaw [*.....]
Gold:   521        SH:  0    Dex: 23    Spells: 11/12 levels left

rFire   . . .      SeeInvis +    j - +6 dagger (drain)
rCold   . . .      Faith    .    q - orb {*Rage}
rNeg    + . .      Spirit   +    u - +3 leather armour "Saptathra" {Int+3 Dex+4 SInv}
rPois   .          Reflect  .    (no helmet)
rElec   .          Harm     .    C - +2 cloak
rCorr   .          Rampage  .    m - +0 pair of gloves
Will    +....      Rage     20%  k - +0 pair of boots
Stlth   +++++                    (no amulet)
HPRegen 1.10/turn                r - ring of positive energy
MPRegen 0.18/turn                I - ring of magical power

@: mighty, corroded
A: fangs 3, regeneration 1, magic shield, antimagic bite, no potion heal 2
a: Renounce Religion, Stomp


You were on level 1 of the Lair of Beasts.
You worshipped Uskayaw.
Uskayaw was noncommittal.
You visited 3 branches of the dungeon, and saw 10 of its levels.

You collected 521 gold pieces.

Inventory:

Hand Weapons
 a - a +0 dagger
 e - a +0 short sword
 h - a +2 whip of freezing
 j - a +6 dagger of draining (weapon)
 o - a +0 sling
 y - a +3 war axe
 z - a +0 short sword of speed
 A - a +4 scimitar of flaming
 M - a +3 short sword
Missiles
 f - a curare-tipped dart
 l - 27 poisoned darts (quivered)
 B - 6 datura-tipped darts
 R - 4 boomerangs of dispersal
Armour
 b - a +0 ring mail
 d - a +2 buckler
 g - a +2 robe of willpower
 k - a +0 pair of boots (worn)
 m - a +0 pair of gloves (worn)
 q - an orb of wrath (worn)
 u - the +3 leather armour "Saptathra" (worn) {Int+3 Dex+4 SInv}
   (You found it on level 5 of the Dungeon)

   Int:       It affects your intelligence (+3).
   Dex:       It affects your dexterity (+4).
   SInv:      It lets you see invisible.
 v - a +0 cloak
 C - a +2 cloak (worn)
Jewellery
 r - a ring of positive energy (left hand)
 I - a ring of magical power (right hand)
Wands
 x - a wand of polymorph (13)
 F - a wand of mindburst (30)
 G - a wand of paralysis (6)
 J - a wand of roots (9)
 O - a wand of acid (7)
Scrolls
 i - 4 scrolls of teleportation
 D - a scroll of identify
 K - 3 scrolls of fog
 L - a scroll of fear
 P - a scroll of magic mapping
 S - a scroll of amnesia {unknown}
Potions
 n - 2 potions of magic
 p - a potion of ambrosia
 s - 4 potions of curing
 t - 2 potions of flight
 w - a potion of attraction
 E - a potion of brilliance
 N - a potion of might
 Q - 2 potions of mutation


   Skills:
 + Level 8.9 Fighting
 + Level 8.8 Short Blades
 - Level 2.4 Armour
 + Level 7.2 Dodging
 - Level 12.0 Stealth
 - Level 2.6 Shields
 - Level 1.1 Spellcasting
 - Level 2.0 Translocations


You had 11 spell levels left.
You knew the following spells:

 Your Spells              Type           Power      Damage    Failure   Level
a - Apportation           Tloc           10%        N/A       14%         1

Your spell library contained the following spells:

 Spells                   Type           Power      Damage    Failure   Level
 Beastly Appendage        Tmut           0%         N/A       32%         1
 Gell's Gravitas          Tloc           5%         N/A       41%         3
 Wereblood                Tmut           0%         N/A       45%         2
 Kindle Blastsparks       Fire/Tloc/Air  4%         2d10      58%         3
 Ignite Poison            Fire/Tmut/Pois 0%         N/A       69%         3
 Spider Form              Tmut/Pois      0%         N/A       69%         3
 Iskenderun's Mystic Bla  Conj/Tloc      3%         2d3       91%         4
 Fulminant Prism          Conj/Hex       0%         3d5       97%         4
 Freezing Cloud           Conj/Ice/Air   0%         6-21      100%        5
 Lee's Rapid Deconstruct  Erth           0%         3d4*      100%        5


Dungeon Overview and Level Annotations

Branches:
Dungeon (8/15)             Temple (1/1) D:6            Lair (1/5) D:8

Altars:
Cheibriados
Elyvilon
Fedhas
Gozag
Kikubaaqudgha
Makhleb
Nemelex Xobeh
Qazlal
Ru
Sif Muna
Uskayaw
Vehumet
Wu Jian
Yredelemnul
Zin
The Shining One

Annotations:
D:4 1 exclusion
Lair:1 exclusions: oklob plant and white imp


Innate Abilities, Weirdness & Mutations

You have razor-sharp teeth.
Your natural rate of healing is unusually fast.
When hurt, damage is shared between your health and your magic reserves.
Your bite disrupts and absorbs the magic of your enemies.
Potions cannot restore your health.


Message History

The grasping roots constrict the bush.
The grasping roots constrict the bush!
The grasping roots constrict the bush.
The grasping roots constrict the oklob plant.
The grasping roots constrict the bush!
The grasping roots constrict the bush. x2
The grasping roots constrict the bush!
The roots release their grip on the bush. x4
You puncture the bush! You bite the bush! You drain its power.
The bush is moderately damaged.
The grasping roots constrict the bush.
The grasping roots constrict the oklob plant.
The grasping roots constrict the bush.
The grasping roots constrict the bush, but do no damage.
The grasping roots constrict the bush.
The roots release their grip on the bush.
The roots release their grip on the oklob plant.
The roots release their grip on the bush. x3
The oklob plant spits acid at you. The splash of acid hits you!!
The acid corrodes you!
You hit the bush but do no damage. You bite the bush, but do no damage.
The bush is moderately damaged.
You hit the bush but do no damage. You drain the bush.
The bush is moderately damaged.
The oklob plant spits acid at you. The splash of acid hits you!!
* * * LOW HITPOINT WARNING * * *
The acid corrodes you!
You hit the bush but do no damage. You drain the bush.
You bite the bush, but do no damage.
The bush is moderately damaged.
You hit the bush but do no damage. You bite the bush, but do no damage.
The bush is moderately damaged.
You hit the bush but do no damage. You drain the bush.
You bite the bush, but do no damage.
The bush is heavily damaged.
Blink to where?
Press: ? - help, Dir - move target, p - oklob plant
As you read the scroll of blinking, it crumbles to dust.
The oklob plant spits acid at you. The splash of acid hits you!!
You die...

#.......##!.#...........#
##......###.............#
##.#P### ####...PPP..?.#
#.### #...[PPP§...# #..##
##...PPP....# #...#
##........## ##..#
##....#### #.#####
#..#+####### ####÷###.##
##@........#
..........######.........#
#.........'.#.##.........#
+.........#...##.........#
..........###..'.........#
###...+#### ####.........#
##.#.# ######P.'## ##....#
#...# #...### ##.##


You could see an oklob plant.

Vanquished Creatures
  A hydra (Lair:1)
  A two-headed ogre (D:8)
  2 centaur warriors (D:8)
  Pikel (D:6)
  A cyclops (D:8)
  A manticore (D:8)
  3 cane toads (Lair:1)
  A gargoyle (D:8)
  A rime drake (Lair:1)
  An efreet (D:8)
  A hornet (D:7)
  3 wyverns
  4 yaks (Lair:1)
  A basilisk (Lair:1)
  2 golden eyes (shapeshifter) (D:8)
  A wraith (D:8)
  Menkaure (D:4)
  2 water moccasins
  Pargi (D:4)
  3 orc warriors (D:8)
  3 sky beasts
  2 ogres
  5 black bears
  2 ice beasts (D:7)
  A phantom (D:5)
  2 kobold brigands (D:7)
  6 necrophages
  5 bullfrogs
  2 scorpions
  13 wights
  10 killer bees
  A howler monkey (D:7)
  A crimson imp (Lair:1)
  A jelly (D:6)
  5 hounds
  3 orc priests
  2 gnoll boudas
  4 iguanas
  3 orc wizards
  20 gnolls
  2 adders
  A shadow imp (D:5)
  13 white imps
  5 worms
  2 dart slugs
  51 orcs
  7 ball pythons
  8 endoplasms
  2 giant cockroaches
  3 goblins
  5 hobgoblins
  12 jackals
  11 kobolds
  3 quokkas
  6 bats
  5 frilled lizards
  2 rats
261 creatures vanquished.

Vanquished Creatures (collateral kills)
  A jelly (D:4)
  A gnoll (D:4)
2 creatures vanquished.

Vanquished Creatures (others)
  4 plants (D:4)
4 creatures vanquished.

Grand Total: 267 creatures vanquished

Notes
Turn   | Place    | Note
-------+----------+-------------------------------------------
     0 | D:1      | Zonian the Vine Stalker Wanderer began the quest for the
                  | Orb.
     0 | D:1      | Zonian set off with the following items: a +0 dagger, a +0
                  | ring mail, a scroll of blinking, a +2 buckler; and the
                  | following spell memorised: Apportation; and the following
                  | spells available to memorise: Gell's Gravitas.
     0 | D:1      | Reached XP level 1. HP: 10/10 MP: 3/3
    70 | D:1      | Reached skill level 1 in Stealth
   106 | D:1      | Reached XP level 2. HP: 14/14 MP: 2/4
   557 | D:1      | Reached skill level 1 in Short Blades
   781 | D:2      | Reached XP level 3. HP: 18/18 MP: 5/5
   795 | D:2      | Reached skill level 2 in Stealth
  1221 | D:2      | Gained mutation: Your natural rate of healing is unusually
                  | fast. [Vine Stalker growth]
  1221 | D:2      | Reached XP level 4. HP: 11/23 MP: 4/6
  2246 | D:3      | Reached skill level 3 in Stealth
  2383 | D:3      | Reached XP level 5. HP: 14/27 MP: 2/7
  2652 | D:3      | Found a sacrificial altar of Ru.
  2809 | D:4      | Found a basalt altar of Yredelemnul.
  2831 | D:4      | Noticed an ogre
  3674 | D:4      | Reached skill level 4 in Stealth
  3674 | D:4      | Reached XP level 6. HP: 32/32 MP: 8/8
  4209 | D:4      | Noticed Pargi
  4227 | D:4      | Killed Pargi
  4228 | D:4      | Reached skill level 5 in Stealth
  4228 | D:4      | Reached XP level 7. HP: 27/37 MP: 9/9
  4333 | D:4      | Noticed Menkaure
  4351 | D:4      | Killed Menkaure
  4352 | D:4      | Reached skill level 1 in Dodging
  4557 | D:5      | Entered Level 5 of the Dungeon
  4634 | D:5      | Found a blossoming altar of Fedhas.
  4663 | D:5      | Identified the +3 leather armour "Saptathra" {Int+3 Dex+4
                  | SInv}
  4819 | D:5      | Found a glowing silver altar of Zin.
  4834 | D:5      | Reached skill level 6 in Stealth
  4838 | D:5      | Gained mutation: You have razor-sharp teeth. [Vine Stalker
                  | growth]
  4838 | D:5      | Reached XP level 8. HP: 42/42 MP: 8/10
  6167 | D:5      | Reached skill level 5 in Fighting
  6167 | D:5      | Reached skill level 7 in Stealth
  6513 | D:6      | Noticed a wyvern
  6714 | D:6      | Noticed Pikel
  6723 | D:6      | Killed Pikel
  6724 | D:6      | Reached skill level 5 in Short Blades
  6724 | D:6      | Reached XP level 9. HP: 47/47 MP: 11/11
  6731 | D:6      | Reached skill level 8 in Stealth
  7189 | D:6      | Found a staircase to the Ecumenical Temple.
  7232 | Temple   | Entered the Ecumenical Temple
  7261 | Temple   | Became a worshipper of Uskayaw the Reveller
  7310 | D:6      | Reached * piety under Uskayaw
  7561 | D:6      | Reached ** piety under Uskayaw
  7563 | D:6      | Reached *** piety under Uskayaw
  7566 | D:6      | Reached **** piety under Uskayaw
  7733 | D:7      | Found an ancient bone altar of Kikubaaqudgha.
  8154 | D:7      | Found a stormy altar of Qazlal.
  8264 | D:7      | Reached skill level 9 in Stealth
  8271 | D:7      | Reached ***** piety under Uskayaw
  8274 | D:7      | Noticed a hornet
  8279 | D:7      | Paralysed by a hornet for 2 turns
  8383 | D:7      | Found a glowing golden altar of the Shining One.
  8451 | D:8      | Noticed a manticore
  8461 | D:8      | Killed a manticore
  8462 | D:8      | Reached XP level 10. HP: 31/53 MP: 12/12
  8690 | D:8      | Found a snail-covered altar of Cheibriados.
  8731 | D:8      | Reached skill level 5 in Dodging
  8760 | D:8      | Reached ****** piety under Uskayaw
  8878 | D:8      | Noticed a centaur warrior
  8885 | D:8      | Killed a centaur warrior
  8886 | D:8      | Reached skill level 10 in Stealth
  8915 | D:8      | Noticed a cyclops
  9134 | D:8      | Killed a cyclops
  9137 | D:8      | Noticed a centaur warrior
  9140 | D:8      | Killed a centaur warrior
  9305 | D:8      | Noticed a gargoyle
  9984 | D:7      | Reached XP level 11. HP: 60/60 MP: 13/13
 10074 | D:7      | Reached skill level 11 in Stealth
 10633 | D:8      | Noticed a two-headed ogre
 10683 | D:8      | Killed a two-headed ogre
 10997 | D:8      | Found a staircase to the Lair.
 11059 | D:8      | Found an ornate altar of the Wu Jian Council.
 11463 | Lair:1   | Entered Level 1 of the Lair of Beasts
 11463 | Lair:1   | Found a frozen archway.
 11465 | Lair:1   | Noticed an oklob plant
 11786 | Lair:1   | Reached skill level 12 in Stealth
 11839 | Lair:1   | Noticed a seven-headed hydra
 11850 | Lair:1   | Killed a seven-headed hydra
 12347 | Lair:1   | Killed from afar by an oklob plant

Illustrated notes

Levels and vault maps discovered:
D:1:      mainiacjoe_arrival_reflecting_pool, layout_loops_ring
D:2:      layout_loops_ring
D:3:      layout_basic, nicolae_overflow_crystal_walls, kennysheep_potato
D:4:      layout_loops_cross, mainiacjoe_overflow_chevrons, uniq_menkaure,
          uniq_pargi
D:5:      layout_cave_pods, zin_treasury, fedhas_ov_isle_minmay, serial_glass,
          glass_columns_c, glass_columns_a
D:6:      layout_rooms, minmay_temple_entry_butterflies, uniq_pikel
D:7:      minmay_s_stair_smasher, layout_cave_pools, kiku_gazebo_pond_becter,
          marbit_many_paths, tso_altar
D:8:      hellmonk_crumbling_castle, layout_basic, kennysheep_slug_shrine,
          lemuel_tele_altar, special_room [special_room_orc],
          wad_floor_pattern_untrapped, minmay_evil_grid
Temple:   nicolae_temple_bog_church
Lair:1:   layout_roguey, portal_ice_cave_entry_imps, st_stairs_5,
          minmay_lair_oklob_bushes, serial_bayou_shore_a

Skill      XL: |  1  2  3  4  5  6  7  8  9 10 11 |
---------------+----------------------------------+-----
Stealth        | 1 2 3 4 5 6 7 9 10 12 | 12.0
Short Blades   | 1 2 3 4 5 6 7 8 |  8.8
Fighting       | 2 3 4 5 6 7 8 |  8.9
Dodging        | 2 3 4 6 7 |  7.2
Armour         | |  2.4
Shields        | |  2.6
Spellcasting   | |  1.1
Translocations | |  2.0

Action                   |  1- 3 |  4- 6 |  7- 9 | 10-12 || total
-------------------------+-------+-------+-------+-------++-------
Melee: Dagger            |   101 |   139 |   232 |   223 ||   695
       Bite              |    29 |    38 |    79 |    70 ||   216
Throw: Dart              |     2 |    22 |     9 |     6 ||    39
Invok: Line Pass         |       |       |     1 |       ||     1
Evoke: Wand              |       |       |       |     6 ||     6
  Use: Scroll            |     2 |    13 |     3 |     8 ||    26
       Potion            |       |       |       |     2 ||     2
 Stab: Sleeping          |     3 |     3 |     6 |    13 ||    25
       Paralysed         |       |       |     3 |    15 ||    18
       Distracted        |       |       |       |     1 ||     1
Armor: Ring mail         |     4 |       |       |       ||     4
       Robe              |    18 |    41 |     5 |       ||    64
       Leather armour    |       |       |    47 |    44 ||    91
Dodge: Dodged            |    38 |    37 |   116 |   112 ||   303
Block: Buckler           |    25 |    38 |     1 |       ||    64

Table legend: (Time is in decaauts)
 A = Elapsed time spent in this place.
 B = Non-inter-level travel time spent in this place.
 C = Inter-level travel time spent in this place.
 D = Time resting spent in this place.
 E = Time spent auto-exploring this place.
 F = Levels seen in this place.
 G = Mean time per level.
                   A        B        C        D        E       F      G
               +--------+--------+--------+--------+--------+-----+--------+
         Total |  12600 |  12395 |    205 |   5219 |   3347 |  10 | 1260.0 |
       Dungeon |  11647 |  11460 |    187 |   5043 |   3029 |   8 | 1455.9 |
        Temple |     49 |     31 |     18 |      0 |     18 |   1 |   49.0 |
          Lair |    902 |    902 |      0 |    176 |    299 |   1 |  902.0 |
               +--------+--------+--------+--------+--------+-----+--------+

Top non-repeatable levels by time:
     D:8: 2248 daAuts
     D:5: 1856 daAuts
     D:3: 1684 daAuts
     D:7: 1649 daAuts
     D:6: 1327 daAuts
     D:4: 1298 daAuts
  Lair:1: 902 daAuts
     D:2: 829 daAuts
     D:1: 754 daAuts
  Temple: 49 daAuts
